 Dungeon Crawl Stone Soup version 0.21-a0-228-g14ccbf3 (webtiles) character file.

13223 CanOfBees the Fighter (level 12, -4/132 HPs)
             Began as an Ogre Hunter on Aug 31, 2017.
             Was a High Priest of Okawaru.
             Slain by Atlas's ghost (6 damage)
             ... on level 11 of the Dungeon.
             The game lasted 00:49:27 (20825 turns).

CanOfBees the Fighter (Ogre Hunter)                Turns: 20825, Time: 00:49:27

Health: -4/132     AC:  7    Str: 26    XL:     12   Next: 3%
Magic:  0/20       EV: 11    Int: 12    God:    Okawaru [*****.]
Gold:   656        SH:  0    Dex: 10    Spells: 16/16 levels left

rFire    . . .     SeeInvis +   n - +2 spear (pierce)
rCold    + . .     Gourm    .   (no shield)
rNeg     . . .     Faith    .   o - +2 robe {rC+}
rPois    +         Spirit   +   J - +2 hat {SInv}
rElec    .         Reflect  .   B - scarf {Spirit}
rCorr    .         Harm     .   (gloves unavailable)
MR       +....                  (boots unavailable)
Stlth    +.........             (no amulet)
HPRegen  0.32/turn              r - ring of poison resistance
MPRegen  0.17/turn              K - +4 ring of strength

@: about to teleport
A: unfitting armour, tough skin 1
a: Heroism, Finesse, Renounce Religion


You were on level 11 of the Dungeon.
You worshipped Okawaru.
Okawaru was extremely pleased with you.
You were not hungry.

You visited 2 branches of the dungeon, and saw 12 of its levels.
You also visited: Ossuary.

You collected 958 gold pieces.
You spent 302 gold pieces at shops.

Inventory:

Hand Weapons
 m - a +0 hunting sling
 n - a +2 spear of piercing (weapon)
 v - a +2 whip of freezing
 E - a +0 blowgun
 O - a +1 halberd of freezing
Missiles
 d - 8 large rocks (quivered)
 g - 35 poisoned needles
 j - 382 stones
 l - a javelin of returning
 q - 5 needles of paralysis
 u - 32 sling bullets
 R - 11 tomahawks
 W - 4 javelins
Armour
 o - a +2 robe of cold resistance (worn)
 B - a scarf of spirit shield (worn)
 J - a +2 hat of see invisible (worn)
 U - a +1 large shield
Jewellery
 i - a +3 ring of evasion
 r - a ring of poison resistance (left hand)
 K - a +4 ring of strength (right hand)
Wands
 w - a wand of acid (2/15)
 A - a wand of iceblast (0/15)
 H - a wand of random effects (33/48)
 P - a wand of clouds (4/9)
 T - a wand of polymorph (16/24)
Scrolls
 a - a scroll of amnesia
 e - 9 scrolls of teleportation
 h - 4 scrolls of identify
 k - 3 scrolls of magic mapping
 x - 2 scrolls of noise
 y - 4 scrolls of remove curse
 D - 3 scrolls of enchant armour
 L - a scroll of blinking
 S - 4 scrolls of immolation
 X - a scroll of summoning {unknown}
Potions
 p - 2 potions of brilliance
 t - 2 potions of flight
 z - a potion of might {unknown}
 C - 2 potions of haste
 F - 2 potions of mutation {unknown}
 I - a potion of resistance {unknown}
 M - 2 potions of degeneration {unknown}
 Y - a potion of lignification {unknown}
Books
 N - a book of Minor Magic

   Spells                             Type                      Level
   a - Magic Dart                     Conjuration                  1
   b - Blink                          Translocation                2
   c - Call Imp                       Summoning                    2
   d - Slow                           Hexes                        2
   e - Conjure Flame                  Conjuration/Fire             3
   f - Mephitic Cloud                 Conjuration/Poison/Air       3
 V - Sif Muna's Guide on the Frostbite and the Entourage
   (You found it on level 8 of the Dungeon)

   Spells                             Type                      Level
   a - Throw Frost                    Conjuration/Ice              2
   b - Call Imp                       Summoning                    2
   c - Summon Guardian Golem          Hexes/Summoning              3
   d - Call Canine Familiar           Summoning                    3
   e - Recall                         Summoning/Translocation      3
   f - Summon Hydra                   Summoning                    7
 Z - the Disquisition on Cold
   (You found it on level 10 of the Dungeon)

   Spells                             Type                      Level
   a - Freeze                         Ice                          1
   b - Ensorcelled Hibernation        Hexes/Ice                    2
   c - Ozocubu's Armour               Charms/Ice                   3
   d - Throw Icicle                   Conjuration/Ice              4
   e - Ice Form                       Ice/Transmutation            4
   f - Ozocubu's Refrigeration        Ice                          6
Comestibles
 b - 8 meat rations
 f - 8 bread rations


   Skills:
 * Level 11.9 Fighting
 + Level 8.6 Polearms
 + Level 9.6 Throwing
 * Level 4.1 Dodging
 - Level 0.6 Stealth
 + Level 2.5 Spellcasting
 - Level 11.1 Invocations


You had 16 spell levels left.
You didn't know any spells.

Dungeon Overview and Level Annotations

Branches:
Dungeon (11/15)            Temple (1/1) D:4            Lair (0/6) D:10
    Orc (0/2) D:10

Altars:
Ashenzari
Cheibriados
Dithmenos
Elyvilon
Fedhas
Gozag
Hepliaklqana
Makhleb
Nemelex Xobeh
Okawaru
Qazlal
Ru
Sif Muna
Trog
Uskayaw
Vehumet
Wu Jian
Xom
Yredelemnul
The Shining One
Beogh

Shops:
D:6 [   D:9 *   D:10 [

Annotations:
D:11 Atlas's ghost, journeyman DrEE


Innate Abilities, Weirdness & Mutations

You are too large for most types of armour.
You have tough skin. (AC +1)


Message History

Atlas's ghost is heavily damaged.
Atlas's ghost hits you but does no damage.
Unknown command.
You feel better.
Atlas's ghost mumbles, "They all look like pillowcases to me..."
Atlas's ghost hits you!!
* * * LOW HITPOINT WARNING * * *
Throwing (i - inventory. (,) - cycle):
d - 9 large rocks (quivered)
Press: ? - help, Shift-Dir - straight line, f/p - Atlas's ghost
Aim: Atlas's ghost (moderately damaged)
You throw a large rock.
The large rock hits Atlas's ghost but does no damage.
Atlas's ghost is moderately damaged.
Atlas's ghost hits you!!
* * * LOW HITPOINT WARNING * * *
Atlas's ghost hits you.
* * * LOW HITPOINT WARNING * * *
As you read the scroll of teleportation, it crumbles to dust.
You feel strangely unstable. Atlas's ghost hits you.
You die...

.##....##≈≈≈≈≈≈#'### ##≈≈≈≈#.#
.##....#≈≈≈≈≈≈≈≈.# ##≈≈≈≈≈#.#
###....≈≈≈≈≈≈≈≈≈≈#####≈≈≈≈≈≈#.#
.......≈≈≈≈≈≈≈≈≈≈≈..Y.Y≈W≈≈≈..#
###...#≈≈≈≈≈≈≈≈≈≈#####≈≈≈≈≈≈#.#
........≈≈≈≈≈≈≈≈.# #≈≈≈≈≈Y###
###...###≈≈≈≈≈≈#.# #≈≈≈≈≈≈#.#
..#...####≈≈≈≈.#W# #≈≈≈≈≈≈..#
#..........≈≈..#@# #≈≈≈≈≈≈#.#
##############...# #.≈≈≈≈≈#.#
.............#.).# #.#≈≈≈≈#.#.#
.###########.#...# #.##≈≈##.#.#
.#.#########.#..># #.######.#.#
.#...........#.### #.# #.#.#
.#.#########.#.# #.######Y#.#
.#.[.........#.# #......#Y#.#
.#)#)./#####.#.# ######.#.#.#


You could see Atlas's ghost.

Vanquished Creatures
  Gastronok (D:9)
  The ghost of hellotanjent the Basher, a journeyman GrFi of Ashenzari (D:11)
  2 two-headed ogres
  A gargoyle (D:11)
  A troll (D:10)
  A hornet (D:7)
  Grinder (D:6)
  2 hippogriffs (D:9)
  A spriggan (D:7)
  10 yaks
  2 water elementals (D:11)
  A hog (shapeshifter) (D:10)
  A wyvern (D:9)
  A basilisk (D:9)
  The ghost of SVVessel the Covered, an amateur BaFi of Wu Jian (D:5)
  2 hungry ghosts
  Menkaure (D:7)
  A water moccasin (D:4)
  An orc warrior (D:10)
  A black bear (D:9)
  An eye of draining (D:11)
  A sky beast (D:9)
  2 ice beasts
  A centaur (D:8)
  4 ogres
  A crocodile (D:10)
  3 big kobolds
  6 bullfrogs
  A gnoll sergeant (D:10)
  A wyvern zombie (D:10)
  A scorpion (D:11)
  A wyvern skeleton (D:9)
  4 wights
  14 killer bees
  3 howler monkeys
  An electric eel (D:11)
  8 crimson imps
  2 bullfrog zombies
  2 human zombies (Ossuary)
  2 quasits
  4 orc priests
  9 hounds
  2 jellies
  4 bullfrog skeletons
  4 centaur skeletons
  Jessica (D:2)
  2 iguanas
  10 worker ants
  10 orc wizards
  2 big kobold zombies (Ossuary)
  A hound zombie (D:8)
  2 mummies (Ossuary)
  A howler monkey zombie (D:7)
  Robin (D:3)
  10 gnolls
  A howler monkey skeleton (D:4)
  13 adders
  2 shadow imps
  2 adder zombies
  An adder skeleton (D:5)
  4 worms
  3 dart slugs
  6 leopard geckos
  47 orcs
  3 giant cockroaches
  4 gnoll zombies (Ossuary)
  16 goblins
  9 hobgoblins
  25 jackals
  23 kobolds
  3 quokkas
  A ball python (D:1)
  14 bats
  7 frilled lizards
  3 goblin zombies
  3 hobgoblin zombies (Ossuary)
  An orc zombie (Ossuary)
  10 rats
  A rat zombie (D:4)
357 creatures vanquished.

Vanquished Creatures (others)
  A jelly (D:9)
  An orc priest (D:9)
  An orc wizard (D:9)
  3 orcs (D:9)
6 creatures vanquished.

Grand Total: 363 creatures vanquished

Notes
Turn   | Place    | Note
-------+----------+-------------------------------------------
     0 | D:1      | CanOfBees the Ogre Hunter began the quest for the Orb.
     0 | D:1      | Reached XP level 1. HP: 22/22 MP: 1/1
   492 | D:1      | Reached XP level 2. HP: 27/31 MP: 2/2
  1048 | D:2      | Reached XP level 3. HP: 37/37 MP: 3/3
  1242 | D:2      | HP: 1/37 [poisoned by an adder]
  1830 | D:2      | Found a blossoming altar of Fedhas.
  2153 | D:2      | Noticed Jessica
  2163 | D:2      | Killed Jessica
  2163 | D:2      | Reached XP level 4. HP: 16/46 MP: 4/4
  2569 | D:2      | Reached skill level 1 in Polearms
  2926 | D:2      | Reached XP level 5. HP: 43/54 MP: 5/5
  2998 | D:2      | Found a white marble altar of Elyvilon.
  2998 | D:2      | Found a shattered altar of Ashenzari.
  3137 | D:3      | Noticed Robin
  3351 | D:3      | Killed Robin
  3505 | D:3      | Found a snail-covered altar of Cheibriados.
  3808 | D:3      | Found a faded altar of an unknown god.
  4034 | D:3      | Found a hide-covered altar of Uskayaw.
  4364 | D:4      | Found a sand-covered staircase.
  4373 | Ossuary  | Entered an ossuary
  4389 | Ossuary  | Reached skill level 5 in Fighting
  4389 | Ossuary  | Reached XP level 6. HP: 66/66 MP: 6/6
  4441 | Ossuary  | Reached skill level 5 in Throwing
  5225 | D:4      | Reached XP level 7. HP: 34/74 MP: 7/7
  5571 | D:4      | Noticed a hungry ghost
  5612 | D:3      | Killed a hungry ghost
  5823 | D:4      | Found a staircase to the Ecumenical Temple.
  5847 | Temple   | Entered the Ecumenical Temple
  5858 | Temple   | Became a worshipper of Warmaster Okawaru
  6035 | D:4      | Reached skill level 1 in Invocations
  6443 | D:5      | Entered Level 5 of the Dungeon
  6469 | D:5      | Noticed SVVessel's ghost (amateur BaFi)
  6485 | D:4      | Reached XP level 8. HP: 33/84 MP: 3/9
  7005 | D:5      | Reached * piety under Okawaru
  7583 | D:5      | Killed SVVessel's ghost
  7901 | D:6      | Reached skill level 5 in Polearms
  7918 | D:6      | Found Tuzorph's Armour Emporium.
  7922 | D:6      | Bought a +0 hat for 48 gold pieces
  8015 | D:6      | Found a basalt altar of Yredelemnul.
  8229 | D:6      | Noticed Grinder
  8244 | D:6      | Killed Grinder
  8244 | D:6      | Reached skill level 5 in Invocations
  8244 | D:6      | Reached XP level 9. HP: 58/96 MP: 4/13
  9577 | D:7      | Reached ** piety under Okawaru
  9964 | D:7      | Found a radiant altar of Vehumet.
 10140 | D:7      | Found a shimmering altar of Xom.
 10144 | D:7      | Found a shimmering altar of Xom.
 10145 | D:7      | Found a shimmering altar of Xom.
 10145 | D:7      | Found a shimmering altar of Xom.
 10145 | D:7      | Found a shimmering altar of Xom.
 10147 | D:7      | Found a shimmering altar of Xom.
 10149 | D:7      | Noticed Menkaure
 10160 | D:7      | Killed Menkaure
 10564 | D:8      | Noticed a hornet
 10567 | D:7      | Paralysed by a hornet for 2 turns
 10580 | D:7      | Killed a hornet
 10580 | D:7      | Reached *** piety under Okawaru
 11110 | D:8      | Noticed a two-headed ogre
 11116 | D:8      | Killed a two-headed ogre
 11116 | D:8      | Received a gift from Okawaru
 11116 | D:8      | Received a gift from Okawaru
 11116 | D:8      | Reached XP level 10. HP: 29/107 MP: 4/16
 11562 | D:8      | Found a deep blue altar of Sif Muna.
 12547 | D:8      | Identified Sif Muna's Guide on the Frostbite and the Entourage
 12610 | D:8      | Noticed a moth of wrath
 12646 | D:8      | Found a bloodstained altar of Trog.
 13253 | D:9      | Found Zuix's Demolitions Depot.
 13276 | D:9      | Bought a wand of clouds (1/9) for 210 gold pieces
 13276 | D:9      | Bought 2 exploding javelins for 44 gold pieces
 13992 | D:9      | Noticed Gastronok
 14010 | D:9      | Killed Gastronok
 14010 | D:9      | Reached **** piety under Okawaru
 14010 | D:9      | Reached ***** piety under Okawaru
 14010 | D:9      | Reached skill level 10 in Fighting
 14710 | D:9      | Received a gift from Okawaru
 14832 | D:10     | Entered Level 10 of the Dungeon
 15108 | D:10     | Found Uten's Antique Armour Shoppe.
 15177 | D:10     | Noticed a two-headed ogre
 15190 | D:10     | Identified the Disquisition on Cold
 15361 | D:10     | HP: 5/111 [quasit (2)]
 15362 | D:10     | Reached XP level 11. HP: 3/119 MP: 0/18
 15859 | D:9      | Reached skill level 10 in Invocations
 17037 | D:10     | Noticed an orb spider
 17037 | D:10     | a shapeshifter changed into an orb spider
 17179 | D:10     | Killed a two-headed ogre
 17244 | D:10     | Found a roughly hewn altar of Beogh.
 17300 | D:10     | Received a gift from Okawaru
 18379 | D:10     | Found a staircase to the Orcish Mines.
 18557 | D:10     | Found a staircase to the Lair.
 19379 | D:11     | Noticed hellotanjent's ghost (journeyman GrFi)
 19384 | D:11     | Killed hellotanjent's ghost
 19384 | D:11     | Reached skill level 1 in Spellcasting
 19876 | D:11     | Received a gift from Okawaru
 20407 | D:11     | Noticed Atlas's ghost (journeyman DrEE)
 20685 | D:11     | Received a gift from Okawaru
 20794 | D:11     | Reached XP level 12. HP: 132/132 MP: 20/20
 20824 | D:11     | HP: 3/132 [Atlas's ghost (17)]
 20825 | D:11     | Slain by Atlas's ghost

Vault maps used:
D:1:      ncdulo_lavacross, minmay_misc_feat_square
D:2:      nicolae_overflow_hidden_temple, gammafunk_temple_overflow_elements,
          uniq_jessica
D:3:      lemuel_round_altar, eat_drink_and_be_merry_uskayaw,
          chequers_ecumenical_altar_island, uniq_robin
D:4:      minmay_temple_entry_overgrown, enter_ossuary_4, grunt_decor_resistance
D:5:      first_bread, minivault_24
D:6:      lemuel_crystal_altar, serial_shops, shop, uniq_grinder
D:7:      xom_redecorated, kennysheep_mini, the_bakery, grunt_ministairs_11,
          hangedman_glass_teeth, uniq_menkaure
D:8:      kennysheep_mini_moat, kennysheep_doodads, tgw_trog
D:9:      nicolae_blasting_shop, uniq_gastronok
D:10:     david_lair_generic, orc_0_dummy, serial_shops, shop, special_room
Temple:   cyrus_circular_temple
Ossuary:  minmay_ossuary_gauntlet

Skill      XL: |  1  2  3  4  5  6  7  8  9 10 11 |
---------------+----------------------------------+-----
Fighting       | 3 4 5 6 7 9 10 11 | 11.9
Dodging        | 2 3 4 |  4.1
Polearms       | 1 2 3 4 5 6 7 8 |  8.6
Throwing       | 5 6 8 9 |  9.6
Invocations    | 2 5 8 9 11 | 11.1
Spellcasting   | 2 |  2.5
Stealth        | |  0.6

Action                   |  1- 3 |  4- 6 |  7- 9 | 10-12 || total
-------------------------+-------+-------+-------+-------++-------
Melee: Short sword       |    40 |       |       |       ||    40
       Spear             |    87 |    13 |       |   140 ||   240
       Whip              |       |   159 |   328 |   204 ||   691
       Halberd           |       |       |       |   237 ||   237
       Unarmed           |       |       |       |     4 ||     4
 Fire: Hunting sling     |    28 |   158 |   121 |    27 ||   334
       Blowgun           |       |       |     3 |    13 ||    16
Throw: Large rock        |    10 |    25 |    50 |    75 ||   160
       Stone             |    40 |     2 |     3 |    66 ||   111
       Throwing net      |     2 |     1 |     2 |     1 ||     6
       Javelin           |       |       |       |    47 ||    47
       Tomahawk          |       |       |       |    15 ||    15
Invok: Heroism           |       |       |       |     2 ||     2
       Finesse           |       |       |       |     2 ||     2
Evoke: Wand              |       |       |     2 |     5 ||     7
  Use: Scroll            |     1 |     3 |     4 |    11 ||    19
       Potion            |       |     2 |     3 |     4 ||     9
 Stab: Sleeping          |       |       |     2 |     1 ||     3
  Eat: Chunk             |     1 |     5 |    20 |    11 ||    37
       Bread ration      |     1 |       |       |     3 ||     4
       Fruit             |       |     3 |     1 |     3 ||     7
       Royal jelly       |       |     1 |       |     3 ||     4
       Meat ration       |       |       |     1 |       ||     1
Armor: Robe              |    45 |    99 |   128 |   193 ||   465
Dodge: Dodged            |   131 |   214 |   302 |   378 ||  1025

Table legend:
 A = Spawn XP
 B = Non-spawn XP
 C = Spawn XP percentage of total XP
 D = Spawn monster count
 E = Non-spawn monster count
 F = Spawn count percentage of total count
 G = Total turns spent on level
                    A         B        C        D         E        F      G
               +---------+---------+-------+---------+---------+-------+---------
         Total |    2368 |   16522 |  12.5 |      70 |     287 |  19.6 | 20825
               +---------+---------+-------+---------+---------+-------+---------
           D:1 |       4 |      26 |  13.3 |       2 |      15 |  11.8 |  1177
           D:2 |      26 |     142 |  15.5 |       7 |      25 |  21.9 |  2025
           D:3 |      59 |     262 |  18.4 |       7 |      33 |  17.5 |  1373
           D:4 |     131 |     556 |  19.1 |       5 |      18 |  21.7 |  1316
           D:5 |      63 |     571 |   9.9 |       2 |      12 |  14.3 |  1168
           D:6 |      48 |     632 |   7.1 |       7 |      14 |  33.3 |  1330
           D:7 |     282 |    1359 |  17.2 |       7 |      23 |  23.3 |  2285
           D:8 |      43 |    1455 |   2.9 |       1 |      23 |   4.2 |  1754
           D:9 |     301 |    3872 |   7.2 |       6 |      28 |  17.6 |  3466
          D:10 |     851 |    3720 |  18.6 |      23 |      45 |  33.8 |  2359
          D:11 |     560 |    3737 |  13.0 |       3 |      35 |   7.9 |  1747
       Ossuary |       0 |     190 |   0.0 |       0 |      16 |   0.0 |   802
               +---------+---------+-------+---------+---------+-------+---------
